Map: Catallena LE (Void)

Players

Snute - Winner!

  • Race: Zerg Zerg
  • Spawn Location: 5:00

Elazer

  • Race: Zerg Zerg
  • Spawn Location: 12:00

Event: WCS Montreal 2017

VOD

Have the link to the VOD?

Description

Time

  • Played on: Sept. 10, 2017, 12:33 p.m.
  • Length: 9:02

All games in this series

Show
View Real Time Build Order
Export as new Build Order

Snute Zerg - Winner!

Build Orders: Pool First, Zergling Baneling 

Get SALT Encoding   

  12  0:00  Drone  
  13  0:12  Overlord  
  13  0:17  Drone  
  14  0:30  Drone x2  
  14  0:33  Drone  
  17  0:36  Extractor  
  16  0:45  Drone  
  17  0:50  Spawning Pool  
  17  0:55  Drone  
  17  1:16  Hatchery  
  16  1:19  Drone  
  17  1:37  Queen  
  17  1:39  Metabolic Boost  
  19  1:42  Zergling x2  
  20  1:48  Overlord  
  20  1:51  Zergling x2  
  21  1:58  Zergling x2  
  22  2:07  Zergling x2  
  23  2:12  Queen  
  25  2:16  Zergling x2  
  26  2:26  Zergling x2  
  27  2:31  Drone  
  27  2:34  Baneling Nest  
  27  2:37  Drone  
  28  2:41  Drone  
  29  2:44  Drone  
  29  2:45  Drone x2  
  29  2:48  Zergling x2  
  33  2:51  Overlord  
  33  2:59  Drone  
  33  3:01  Drone  
  35  3:11  Drone x2  
  36  3:16  Drone x3  
  36  3:17  Baneling x2  
  39  3:20  Drone  
  39  3:21  Drone x2  
  39  3:24  Drone  
  42  3:32  Drone  
  43  3:39  Baneling x2  
  42  3:46  Zergling x4  
  43  3:49  Overlord  
  43  3:55  Hatchery  
  43  3:57  Zergling x2  
  43  3:58  Overlord  
  43  4:07  Baneling x2  
  43  4:10  Drone x3  
  43  4:11  Drone x3  
  43  4:14  Extractor, Roach Warren  
  47  4:21  Overlord  
  46  4:26  Drone x3  
  46  4:27  Overlord  
  46  4:28  Extractor  
  48  4:32  Zergling x2  
  48  4:38  Zergling x2  
  50  4:43  Zergling x2  
  50  4:50  Baneling x2  
  50  4:58  Roach x5  
  50  4:59  Roach x2  
  64  5:00  Overlord  
  64  5:05  Overlord  
  64  5:11  Overlord  
  64  5:12  Roach x2  
  68  5:17  Overlord  
  68  5:18  Roach  
  70  5:23  Roach  
  70  5:24  Queen  
  74  5:29  Roach x2  
  74  5:34  Roach  
  74  5:35  Roach  
  76  5:45  Roach  
  76  5:46  Roach x3  
  83  5:50  Ravager  
  83  5:53  Zergling x10  
  84  5:58  Ravager x2  
  86  6:04  Zergling x2  
  86  6:05  Zergling x10  
  89  6:14  Roach x3  
  87  6:25  Roach x3  
  70  6:34  Roach  
  70  6:35  Roach x4  
  70  6:38  Roach  
  80  6:40  Roach  
  80  6:45  Roach  
  80  6:46  Roach  
  82  6:50  Ravager  
  82  6:51  Roach x2  
  87  6:57  Zergling x2  
  87  7:01  Roach x2  
  81  7:09  Roach  
  81  7:13  Roach  
  81  7:19  Roach  
  81  7:21  Ravager  
  82  7:23  Roach  
  82  7:28  Roach, Hatchery  
  80  7:32  Roach  
  80  7:33  Queen  
  84  7:39  Ravager  
  84  7:41  Zergling x2  
  86  7:45  Ravager  
  87  7:53  Roach x3  
  87  7:56  Roach  
  97  8:05  Roach  
  97  8:06  Roach  
  99  8:14  Overlord  
  99  8:15  Overlord  
  99  8:19  Overlord  
  96  8:32  Roach x3  
  96  8:33  Roach  
  100  8:35  Ravager x2  
  100  8:37  Roach  
  100  8:38  Roach  
  100  8:40  Zergling x2  
  100  8:41  Zergling x2  
Show
View Real Time Build Order
Export as new Build Order

Elazer Zerg 

Build Orders: Hatch First 

Get SALT Encoding   

  12  0:00  Drone  
  13  0:12  Overlord  
  13  0:17  Drone  
  14  0:30  Drone x2  
  14  0:34  Drone  
  17  0:52  Hatchery  
  17  0:55  Drone  
  17  0:58  Drone  
  17  1:01  Extractor  
  17  1:14  Spawning Pool  
  17  1:17  Drone  
  17  1:21  Drone  
  18  1:27  Drone  
  19  1:38  Overlord  
  19  2:00  Queen  
  19  2:01  Metabolic Boost, Zergling x4  
  21  2:06  Queen  
  25  2:09  Zergling x2  
  25  2:15  Drone  
  27  2:17  Drone  
  27  2:21  Drone  
  29  2:26  Drone  
  30  2:32  Drone  
  31  2:37  Zergling x2  
  31  2:41  Queen  
  31  2:43  Zergling x2  
  35  2:49  Evolution Chamber  
  35  2:50  Zergling x2  
  35  2:54  Zergling x2  
  35  3:06  Drone  
  37  3:14  Overlord  
  37  3:18  Overlord  
  37  3:33  Drone x3  
  40  3:34  Drone  
  40  3:35  Drone  
  40  3:39  Extractor  
  35  3:42  Zergling x8  
  35  3:47  Hatchery  
  39  3:52  Roach Warren  
  38  3:56  Zergling x4  
  40  4:03  Overlord  
  40  4:08  Zergling x6  
  40  4:33  Roach x7  
  54  4:41  Overlord  
  54  4:46  Roach  
  54  4:56  Roach x3  
  54  4:59  Overlord  
  60  5:02  Roach  
  62  5:09  Roach x2  
  62  5:13  Roach  
  62  5:14  Roach  
  70  5:18  Queen  
  74  5:21  Roach x2  
  74  5:24  Ravager  
  74  5:26  Zergling x2  
  78  5:29  Zergling x4  
  78  5:33  Zergling x2  
  78  5:34  Zergling x2  
  77  5:44  Zergling x2  
  77  5:48  Roach  
  77  5:49  Roach x2  
  82  5:52  Zergling x2  
  82  5:56  Zergling x2  
  82  5:57  Zergling x4  
  82  6:09  Zergling x4  
  81  6:12  Roach  
  75  6:26  Zergling x4  
  75  6:27  Ravager  
  75  6:32  Ravager  
  70  6:34  Queen  
  70  6:39  Zergling x2  
  72  6:43  Zergling x4  
  72  6:45  Ravager  
  72  6:46  Zergling x16  
  81  6:50  Overlord  
  80  7:02  Zergling x6  
  72  7:15  Roach x3  
  49  7:23  Roach  
  45  7:31  Roach  
  45  7:36  Zergling x2  
  45  7:37  Zergling x18  
  55  7:39  Queen  
  55  7:42  Queen  
  60  7:44  Roach  
  60  7:50  Roach  
  64  7:51  Zergling x2  
  64  7:52  Zergling x2  
  64  7:56  Zergling x4  
  68  7:59  Zergling x2  
  68  8:03  Zergling x2  
  68  8:04  Zergling x2  
  71  8:08  Zergling x2  
  71  8:09  Zergling x2  
  73  8:13  Overlord  
  73  8:21  Zergling x2  
  71  8:30  Zergling x12  
  71  8:32  Ravager  
  71  8:37  Zergling x4  
  73  8:41  Zergling x4  
  73  8:44  Ravager  
Tags
 
Add a new tag
Caveats
  • Supply blocks, unpowered buildings, or Contaminate may cause inaccurate times.
  • Supply counts are checked every 10 seconds.